 Dungeon Crawl Stone Soup version 0.30-a0-4-ga7cffc901d (webtiles) character file.

Game seed: 8202677121042258499

49 SensoryNuts the Trooper (level 3, 0/33 HPs)
             Began as a Hill Orc Fighter on Aug 21, 2022.
             Slain by Terence
             ... wielding a +0 flail
              (7 damage)
             ... on level 2 of the Dungeon.
             The game lasted 00:00:53 (1266 turns).

SensoryNuts the Trooper (Hill Orc Fighter)          Turns: 1266, Time: 00:00:54

Health: 0/33       AC:  7    Str: 20    XL:     3   Next: 77%
Magic:  3/3        EV:  9    Int:  8    God:
Gold:   87         SH:  4    Dex: 10    Spells: 2/2 levels left

rFire   . . .      SeeInvis .    a - +0 war axe
rCold   . . .      Faith    .    c - +0 buckler
rNeg    . . .      Spirit   .    b - +0 scale mail
rPois   .          Reflect  .    (no helmet)
rElec   .          Harm     .    (no cloak)
rCorr   .          Rampage  .    (no gloves)
Will    .....                    (no boots)
Stlth   ..........               (no amulet)
HPRegen 0.11/turn                (no ring)
MPRegen 0.08/turn                (no ring)

@: mighty
A: no striking features
a: no special abilities


You were on level 2 of the Dungeon.
You visited 1 branch of the dungeon, and saw 2 of its levels.

You collected 87 gold pieces.

Inventory:

Hand Weapons
 a - a +0 war axe (weapon)
Armour
 b - a +0 scale mail (worn)
 c - a +0 buckler (worn)
Scrolls
 g - a scroll of teleportation {unknown}
 h - a scroll of identify {unknown}
 k - a scroll of poison {unknown}
 m - a scroll of vulnerability {unknown}
Potions
 d - a potion of might
 e - a potion of brilliance {unknown}
 f - 2 potions of heal wounds {unknown}
 i - a potion of mutation {unknown}
 j - a potion of degeneration {unknown}
 l - a potion of berserk rage {unknown}
 n - a potion of magic {unknown}


   Skills:
 + Level 4.2 Fighting
 + Level 3.7 Axes
 + Level 3.7 Armour
 + Level 0.2 Dodging
 + Level 3.5 Shields


You had 2 spell levels left.
You didn't know any spells.
Your spell library was empty.

Dungeon Overview and Level Annotations

Branches:
Dungeon (2/15)

Altars:

Annotations:
D:2 Terence


Message History

No target in view!
You now have 87 gold pieces (gained 12).
Things that are here:
a +0 dagger; a goblin corpse You open the door.
There is an open door here.
n - a blue potion An adder comes into view.
The adder hisses angrily.
An adder is nearby!
Terence the Incautious comes into view.
He is wielding a +0 flail.
There is an open door here.
You miss the adder. The adder closely misses you.
The adder bites you but does no damage.
You miss the adder. You hit Terence but do no damage.
The adder closely misses you. Terence hits you with a +0 flail.
The adder closely misses you. Terence barely misses you.
You barely miss the adder. You hit Terence but do no damage.
The adder barely misses you. You block Terence's attack.
You barely miss the adder. You hit Terence. The adder closely misses you.
Terence closely misses you. The adder closely misses you.
You hit Terence but do no damage.
Terence is lightly wounded.
You slash the adder! The adder bites you but does no damage.
Terence hits you with a +0 flail! The adder bites you.
Terence hits you with a +0 flail!
* * * LOW HITPOINT WARNING * * *
You are too injured to fight recklessly!
You are too injured to fight recklessly!
You are too injured to fight recklessly!
You are too injured to fight recklessly!
You are too injured to fight recklessly!
You are too injured to fight recklessly!
You are too injured to fight recklessly!
You are too injured to fight recklessly!
You are too injured to fight recklessly!
You are too injured to fight recklessly!
You feel very mighty all of a sudden. The adder closely misses you.
Terence hits you with a +0 flail!
You die...

################
...............#
......)........#
...............#
.....#....##...# ######.
.....#....##...##.......
....)'.........'@S......
.....#....##...##@......
.....#....##...# .......
.....#######...# .......
.....# #...# .......
##.... ..### ......#
#.... ... ......# #....
.... #####.#


You could see Terence and an adder.

Vanquished Creatures
  An adder (D:2)
  3 ball pythons (D:1)
  3 endoplasms (D:1)
  3 giant cockroaches
  5 goblins
  3 hobgoblins
  6 kobolds
  4 quokkas
  4 frilled lizards (D:1)
  4 rats
36 creatures vanquished.

Notes
Turn   | Place    | Note
-------+----------+-------------------------------------------
     0 | D:1      | SensoryNuts the Hill Orc Fighter began the quest for the
                  | Orb.
     0 | D:1      | Reached XP level 1. HP: 19/19 MP: 1/1
   284 | D:1      | Reached XP level 2. HP: 27/27 MP: 2/2
   559 | D:1      | Reached skill level 4 in Fighting
   570 | D:1      | Reached XP level 3. HP: 33/33 MP: 3/3
  1259 | D:2      | Noticed Terence
  1266 | D:2      | Slain by Terence

Illustrated notes

Levels and vault maps discovered:
D:1:      co_arrival_hall_of_pillars, layout_basic
D:2:      layout_basic, nrook_campfire, hex_intersection, uniq_terence

Skill      XL: |  1  2 |
---------------+-------+-----
Axes           | 3 |  3.7
Fighting       | 4 |  4.2
Armour         | |  3.7
Dodging        | |  0.2
Shields        | |  3.5

Action                   || total
-------------------------++-------
Melee: War axe           ||    85
  Use: Potion            ||     1
Armor: Scale mail        ||    42
Dodge: Dodged            ||    46
Block: Buckler           ||    16

Table legend: (Time is in decaauts)
 A = Elapsed time spent in this place.
 B = Non-inter-level travel time spent in this place.
 C = Inter-level travel time spent in this place.
 D = Time resting spent in this place.
 E = Time spent auto-exploring this place.
 F = Levels seen in this place.
 G = Mean time per level.
                   A        B        C        D        E       F      G
               +--------+--------+--------+--------+--------+-----+--------+
         Total |   1298 |   1298 |      0 |      0 |   1070 |   2 |  649.0 |
       Dungeon |   1298 |   1298 |      0 |      0 |   1070 |   2 |  649.0 |
               +--------+--------+--------+--------+--------+-----+--------+

Top non-repeatable levels by time:
     D:1: 1087 daAuts
     D:2: 211 daAuts
